 Dungeon Crawl Stone Soup version 0.21.1-1-g345015f (webtiles) character file.

231 Iko the Charmwright (level 5, 0/39 HPs)
             Began as a Vampire Skald on May 1, 2018.
             Slain by a river rat (8 damage)
             ... summoned by Eustachio
             ... on level 5 of the Dungeon.
             The game lasted 00:13:19 (1210 turns).

Iko the Charmwright (Vampire Skald)                 Turns: 1210, Time: 00:13:20

Health: 0/39       AC:  6    Str: 11    XL:     5   Next: 72%
Magic:  8/8        EV: 11    Int: 16    God:
Gold:   44         SH:  0    Dex: 13    Spells: 8/8 levels left

rFire    . . .     SeeInvis +   a - +0 hand axe
rCold    . . .     Gourm    .   (no shield)
rNeg     . . .     Faith    .   e - +0 ring mail
rPois    .         Spirit   .   f - +0 helmet
rElec    .         Reflect  .   (no cloak)
rCorr    .         Harm     .   (no gloves)
MR       .....                  (no boots)
Stlth    +.........             (no amulet)
HPRegen  0.33/turn              (no ring)
MPRegen  0.11/turn              (no ring)

@: regenerating quickly
A: fangs 3, see invisible, unbreathing
a: no special abilities


You were on level 5 of the Dungeon.
You were full.

You visited 1 branch of the dungeon, and saw 5 of its levels.

You collected 44 gold pieces.

Inventory:

Hand Weapons
 a - a +0 hand axe (weapon)
Armour
 e - a +0 ring mail (worn)
 f - a +0 helmet (worn)
Scrolls
 j - a scroll of fog
Potions
 d - 2 potions of blood
 l - a potion of degeneration {unknown}
 m - a potion of curing
Books
 c - a book of Battle

   Spells                             Type                      Level
   a - Infusion                       Charms                       1
   b - Shroud of Golubria             Charms/Translocation         2
   c - Song of Slaying                Charms                       2
   d - Spectral Weapon                Hexes/Charms                 3
   e - Regeneration                   Charms/Necromancy            3
Comestibles
 b - 2 rations


   Skills:
 + Level 2.4 Fighting
 + Level 3.4 Axes
 + Level 2.4 Armour
 + Level 3.1 Dodging
 + Level 0.1 Stealth
 + Level 2.1 Spellcasting
   Level 3.8 Charms


You had 8 spell levels left.
You didn't know any spells.

Dungeon Overview and Level Annotations

Branches:
Dungeon (5/15)
 Temple: D:4-7

Altars:

Annotations:
D:5 Eustachio


Innate Abilities, Weirdness & Mutations

Your natural rate of healing is unusually fast.
You have razor-sharp teeth.
You have supernaturally acute eyesight. (SInv)
You can survive without breathing.


Message History

Eustachio blinks!
The river rat closely misses you.
You stop training Charms.
Eustachio says, "My allies will avenge me."
The white imp misses you.
The white imp laughs crazily.
Eustachio gestures wildly while chanting.
Eustachio blinks!
The river rat closely misses you.
Found 14 gold pieces.
The river rat barely misses you.
The white imp shouts, "Bolt, thou fulsome fat-kidneyed flim-flammer!"
You closely miss the river rat.
The river rat is heavily wounded.
The white imp disappears in a puff of smoke!
The river rat barely misses you.
You closely miss the river rat.
You bite the river rat, but do no damage.
The river rat is heavily wounded.
The white imp disappears in a puff of smoke!
The river rat bites you!
You die...

.# #.##..###.#
#.#####.#..###.#
.#.....#.5.....#
## #..##.#.....
#5## .#.####
#.###.# .# #
#$..ยง.# .#
###.#.###.#
#.#lr@..# #
#######


You could see a river rat and a leopard gecko.

Vanquished Creatures
  A centaur (D:5)
  A hound (D:4)
  An orc wizard (D:3)
  Jessica (D:2)
  2 adders
  An ooze (D:3)
  A leopard gecko (D:1)
  4 orcs (D:3)
  2 ball pythons
  2 giant cockroaches
  5 goblins
  5 hobgoblins
  4 jackals (D:3)
  5 bats
  2 frilled lizards
  6 kobolds
  A rat (D:1)
44 creatures vanquished.

Notes
Turn   | Place    | Note
-------+----------+-------------------------------------------
     0 | D:1      | Iko the Vampire Skald began the quest for the Orb.
     0 | D:1      | Reached XP level 1. HP: 16/16 MP: 3/3
   232 | D:2      | Reached XP level 2. HP: 9/22 MP: 5/5
   478 | D:1      | Reached skill level 1 in Armour
   730 | D:2      | Noticed Jessica
   748 | D:2      | Killed Jessica
   748 | D:2      | Reached XP level 3. HP: 16/27 MP: 6/6
   901 | D:3      | Reached XP level 4. HP: 21/33 MP: 7/7
   988 | D:4      | Reached XP level 5. HP: 23/38 MP: 8/8
  1146 | D:5      | Entered Level 5 of the Dungeon
  1156 | D:5      | Noticed Eustachio
  1156 | D:5      | Noticed a centaur
  1170 | D:5      | Killed a centaur
  1210 | D:5      | Slain by a river rat

Skill      XL: |  1  2  3  4  5 |
---------------+----------------+-----
Axes           | 2 3 |  3.4
Armour         | 1 2 |  2.4
Fighting       | 2 |  2.4
Dodging        | 3 |  3.1
Stealth        | |  0.1
Spellcasting   | |  2.1
Charms         | |  3.8

Action                   |  1- 3 |  4- 6 || total
-------------------------+-------+-------++-------
Melee: Hand axe          |    98 |    73 ||   171
       Bite              |    10 |     3 ||    13
 Cast: Infusion          |       |     1 ||     1
  Use: Potion            |     6 |     3 ||     9
       Scroll            |     4 |     4 ||     8
Armor: Ring mail         |    36 |    26 ||    62
Dodge: Dodged            |    63 |    67 ||   130
